 Dungeon Sprint DCSS version 0.20.1-1-g8b1a95d (webtiles) character file.

20277 potatolord6000 the Spry (level 12, -24/125 HPs)
             Began as a Minotaur Gladiator on Sept 11, 2017.
             Was a Priest of Ru.
             Annihilated by an Orb Guardian (29 damage)
             ... in the Dungeon (Sprint V: "Ziggurat Sprint").
             The game lasted 00:11:13 (1282 turns).

potatolord6000 the Spry (Minotaur Gladiator)        Turns: 1282, Time: 00:11:14

Health: -24/125    AC: 32    Str: 36    XL:     12   Next: 43%
Magic:  11/11      EV: 21    Int:  5    God:    Ru [***...]
Gold:   0          SH:  0    Dex: 16    Spells: 11/11 levels left

rFire    . . .     SeeInvis +   B - +14 obsidian axe {chop, +Fly SInv *Curse} (curse)
rCold    + . .     Gourm    +   (no shield)
rNeg     . . .     Faith    .   y - +15 Maxwell's patent armour {-Cast -Tele rElec MR+ rCorr}
rPois    .         Spirit   .   c - +0 hat
rElec    +         Reflect  .   (no cloak)
rCorr    +         Harm     .   (no gloves)
MR       +....     NoTele   +   (no boots) Stlth ..........NoCast +
                                b - amulet "Ufegg" {Gourm rC+ Dex+4}
Regen    0.3/turn               D - +6 ring of strength
MPRegen  0.2/turn               E - +6 ring of strength

@: mesmerised
A: retaliatory headbutt, horns 2, no potion heal 1, unskilled 1, missing an eye
a: Draw Out Power, Renounce Religion, Evoke Flight


You were in the Dungeon.
You worshipped Ru.
Ru was most pleased with you.
You were not hungry.

You visited 1 branch

Inventory:

Hand Weapons
 B - the cursed +14 obsidian axe (weapon) {chop, +Fly SInv *Curse}
   (You found it in the Dungeon)

   It inflicts extra damage upon your enemies.
   It lets you see invisible.
   It lets you fly.
   It curses itself when equipped.
   It has a curse placed upon it.
Armour
 c - a +0 hat (worn)
 y - the +15 Maxwell's patent armour (worn) {-Cast -Tele rElec MR+ rCorr}
   (You found it in the Dungeon)

   It insulates you from electricity.
   It affects your resistance to hostile enchantments.
   It prevents spellcasting.
   It prevents most forms of teleportation.
   It protects you from acid and corrosion.
Jewellery
 b - the amulet "Ufegg" (around neck) {Gourm rC+ Dex+4}
   (You found it in the Dungeon)

   [amulet of the gourmand]

   It allows you to eat raw meat even when not hungry.
   It affects your dexterity (+4).
   It protects you from cold.
 D - a +6 ring of strength (left hand)
 E - a +6 ring of strength (right hand)
Scrolls
 a - a scroll of brand weapon
 k - 4 scrolls of blinking
 q - 4 scrolls of amnesia
 r - 3 scrolls of recharging
 s - 7 scrolls of fog
 t - a scroll of holy word
 u - 5 scrolls of identify
 v - 5 scrolls of remove curse
 w - 2 scrolls of fear
Potions
 e - 10 potions of curing
 g - 6 potions of heal wounds
 h - 4 potions of haste
 i - 7 potions of magic
 j - 3 potions of berserk rage
 l - a potion of invisibility
 m - 3 potions of resistance
 o - 4 potions of agility
 p - 4 potions of might
Comestibles
 f - 5 bread rations
 x - 42 fruits
 z - 3 meat rations


   Skills:
 + Level 17.1 Fighting
 + Level 17.2 Axes
 - Level 1.7 Throwing
 + Level 17.0 Armour
 + Level 18.1 Dodging


You had 11 spell levels left.
You didn't know any spells.

Dungeon Overview and Level Annotations

Branches:
Dungeon (1/1)

Altars:
Ashenzari
Cheibriados
Dithmenos
Elyvilon
Fedhas
Gozag
Hepliaklqana
Kikubaaqudgha
Makhleb
Nemelex Xobeh
Okawaru
Qazlal
Ru
Sif Muna
Trog
Uskayaw
Vehumet
Xom
Yredelemnul
Zin
The Shining One
Beogh
Jiyva
Lugonu

Annotations:
D 1 transporter


Innate Abilities, Weirdness & Mutations

You reflexively headbutt those who attack you in melee.
You have a pair of horns on your head.
Potions are less effective at restoring your health.
You are somewhat unskilled. (-1 Apt)
You are missing an eye, making it more difficult to aim.


Message History

Found a transporter.
You slash the Orb Guardian!
The Orb Guardian is lightly wounded.
You slice the Orb Guardian!! You open a gate to Pandemonium!
A demon appears!
You closely miss the Orb Guardian.
The yellow draconian hits you but does no damage.
The Orb Guardian hits you but does no damage.
The Orb Guardian hits you!!
The moth of wrath goads the green draconian on!
The green draconian goes berserk!
The moth of wrath goads the Orb Guardian on!
The Orb Guardian goes berserk!
Visions of slaying the Orb Guardian flood into your mind.
The Orb Guardian hits you!! The Orb Guardian hits you.
The purple draconian hits you with a long sword.
The moth of wrath goads the red draconian on!
The red draconian goes berserk!
The Orb Guardian hits you!!!
* * * LOW HITPOINT WARNING * * *
The Orb Guardian hits you!!
You die...

▓▓▓▓▓▓▓▓▓▓▓▓▓▓▓▓▓▓▓▓▓▓▓
▓....8©8....▓▓.8©8.▓.8©
▓..|.:}=}=..▓▓.=)).▓.)|
▓..))!|}|)..▓▓...).▓..3
▓.........y.▓▓..[|.▓...
▓..dydddD...▓▓.....▓...
▓....ddXd...▓▓.....▓...
▓....X@X....▓▓.....▓...
▓...3..X....▓▓▓▓▓▓▓▓▓▓▓
▓..▓.....▓..▓..8©8...▓.
▓...........▓..})[...▓.
▓...........▓...}....▓.
▓▓▓▓▓▓▓▓▓▓▓▓▓...)....▓.
▓....8©8....▓...)....▓.
▓..:=[=:?[..▓.▓....▓.▓.
▓...|}[|))..▓........▓.


You could see a storm dragon, a black draconian (berserk), 2 draconians, 2
draconians, a purple draconian (berserk), a red draconian (berserk), 4 Orb
Guardians, 2 moths of wrath and a friendly ynoxinul.

Vanquished Creatures
  A tentacled starspawn (D)
  A shadow dragon (D)
  An azure jelly (D)
  A merfolk impaler (D)
  A great orb of eyes (D)
  A death ooze (D)
  A naga warrior (D)
  2 merfolk aquamancers (D)
  A dancing weapon (D)
  A sun demon (D)
  2 soul eaters (D)
  2 deep elf knights (D)
  2 sea snakes (D)
  A deep elf archer (D)
  2 deep elf magi (D)
  A manticore (D)
  A cyclops (D)
  2 naga magi (D)
  A merfolk siren (D)
  A guardian serpent (D)
  2 merfolk (D)
  2 hippogriffs (D)
  2 slime creatures (D)
  A snapping turtle (D)
  2 water elementals (D)
  2 spriggans (D)
  A hell hound (D)
  A water moccasin (D)
  An orc warrior (D)
  A black bear (D)
  2 wolves (D)
  3 centaurs (D)
  A crimson imp (D)
  A jelly (D)
  2 quasits (D)
  5 orc priests (D)
  An orc wizard (D)
  3 mummies (D)
  2 oozes (D)
  A spectral adder (D)
  An adder skeleton (D)
  3 adder zombies (D)
  4 orcs (D)
  3 bat skeletons (D)
  2 bat zombies (D)
  A ball python skeleton (D)
  A leopard gecko zombie (D)
  A spectral ball python (D)
  3 starspawn tentacles (D)
81 creatures vanquished.

Vanquished Creatures (collateral kills)
  A merfolk javelineer (D)
  A naga warrior (D)
  A deep elf knight (D)
  2 deep elf magi (D)
  A naga mage (D)
  2 slime creatures (D)
  A hell hound (D)
  A water moccasin (D)
  A crimson imp (D)
  A jelly (D)
  An orc priest (D)
  An orc wizard (D)
  A white imp (D)
  An orc (D)
  2 ball pythons (D)
  A giant cockroach zombie (D)
  A quokka zombie (D)
20 creatures vanquished.

Vanquished Creatures (others)
  A centaur (D)
  A ball python (D)
2 creatures vanquished.

Grand Total: 103 creatures vanquished

Notes
Turn   | Place    | Note
-------+----------+-------------------------------------------
     0 | D        | potatolord6000 the Minotaur Gladiator began the quest for the Orb.
     0 | D        | Reached XP level 1. HP: 18/18 MP: 0/0
     5 | D        | Found a deep blue altar of Sif Muna.
     5 | D        | Found a bloodstained altar of Trog.
     5 | D        | Found a sacrificial altar of Ru.
     5 | D        | Found a stormy altar of Qazlal.
     5 | D        | Found an iron altar of Okawaru.
     6 | D        | Found a sparkling altar of Nemelex Xobeh.
     6 | D        | Found a blossoming altar of Fedhas.
     8 | D        | Found a transporter.
     8 | D        | Found an ancient bone altar of Kikubaaqudgha.
     8 | D        | Found a viscous altar of Jiyva.
     8 | D        | Found a corrupted altar of Lugonu.
     8 | D        | Found a hazy altar of Hepliaklqana.
     8 | D        | Found a burning altar of Makhleb.
     8 | D        | Found an opulent altar of Gozag.
    88 | D        | Became a worshipper of Ru the Awakened
   105 | D        | Entered arena 2.
   105 | D        | Noticed a hell hound
   105 | D        | Found a transporter.
   107 | D        | Reached skill level 1 in Armour
   109 | D        | Killed a hell hound
   109 | D        | Reached skill level 5 in Fighting
   109 | D        | Reached skill level 5 in Armour
   109 | D        | Reached skill level 5 in Dodging
   109 | D        | Reached XP level 2. HP: 30/30 MP: 1/1
   109 | D        | Reached XP level 3. HP: 37/37 MP: 2/2
   109 | D        | Reached XP level 4. HP: 44/44 MP: 3/3
   119 | D        | Reached skill level 8 in Dodging
   119 | D        | Reached XP level 5. HP: 55/55 MP: 4/4
   122 | D        | Entered arena 3.
   122 | D        | Found a transporter.
   137 | D        | Entered arena 4.
   137 | D        | Found a transporter.
   141 | D        | Reached XP level 6. HP: 51/62 MP: 5/5
   150 | D        | Got the ring of Trog's Supremacy {rElec Str+4 SInv}
   152 | D        | Gained mutation: You are somewhat unskilled. (-1 Apt) [Ru sacrifice]
   152 | D        | Reduced skill Throwing to level 1
   152 | D        | Reduced skill Dodging to level 7
   152 | D        | Reached * piety under Ru
   152 | D        | Reached ** piety under Ru
   197 | D        | Entered arena 5.
   197 | D        | Found a transporter.
   200 | D        | Reached skill level 8 in Dodging
   232 | D        | Entered arena 6.
   232 | D        | Noticed a spriggan
   232 | D        | Noticed a spriggan
   232 | D        | Found a transporter.
   234 | D        | Reached XP level 7. HP: 62/70 MP: 6/6
   236 | D        | Killed a spriggan
   236 | D        | Reached skill level 9 in Dodging
   236 | D        | Killed a spriggan
   236 | D        | Reached skill level 10 in Axes
   244 | D        | Got the ring of Amelioration {*Contam +Inv rPois Dex+2 Stlth+}
   249 | D        | Entered arena 7.
   250 | D        | Found a transporter.
   253 | D        | Reached skill level 10 in Fighting
   253 | D        | Reached XP level 8. HP: 72/79 MP: 7/7
   254 | D        | Reached skill level 10 in Armour
   263 | D        | Gained mutation: Potions are less effective at restoring your health. [Ru sacrifice]
   295 | D        | Entered arena 8.
   296 | D        | Found a transporter.
   299 | D        | Reached skill level 10 in Dodging
   313 | D        | Entered arena 9.
   313 | D        | Noticed a tentacled starspawn
   313 | D        | Noticed a great orb of eyes
   313 | D        | Noticed a sun demon
   314 | D        | Found a transporter.
   318 | D        | Killed a sun demon
   318 | D        | Reached skill level 11 in Dodging
   322 | D        | Killed a tentacled starspawn
   322 | D        | Reached skill level 13 in Dodging
   322 | D        | Reached XP level 9. HP: 59/91 MP: 8/8
   323 | D        | Killed a great orb of eyes
   323 | D        | Reached skill level 14 in Dodging
   323 | D        | Reached XP level 10. HP: 66/101 MP: 9/9
   459 | D        | Entered arena 10.
   459 | D        | Noticed a cyclops
   460 | D        | Found a transporter.
   469 | D        | Killed a cyclops
   469 | D        | Reached skill level 15 in Dodging
   482 | D        | Entered arena 11.
   482 | D        | Noticed a deep elf mage
   482 | D        | Noticed a deep elf mage
   482 | D        | Noticed a deep elf mage
   482 | D        | Noticed a deep elf knight
   482 | D        | Noticed an enchanted trident
   482 | D        | Noticed a deep elf archer
   482 | D        | Noticed a deep elf knight
   482 | D        | Noticed a deep elf knight
   482 | D        | Noticed a deep elf mage
   483 | D        | Found a transporter.
   491 | D        | Killed a deep elf knight
   493 | D        | Killed a deep elf mage
   494 | D        | Killed a deep elf mage
   496 | D        | Killed a deep elf knight
   496 | D        | Reached skill level 16 in Dodging
   497 | D        | Killed a deep elf knight
   498 | D        | Killed a deep elf mage
   498 | D        | Reached XP level 11. HP: 60/111 MP: 10/10
   500 | D        | Killed a deep elf archer
   503 | D        | Killed a deep elf mage
   505 | D        | Killed an enchanted trident
   696 | D        | Entered arena 12.
   697 | D        | Noticed an azure jelly
   697 | D        | Noticed a death ooze
   698 | D        | Found a transporter.
   703 | D        | Killed an azure jelly
   703 | D        | Reached skill level 15 in Fighting
   703 | D        | Reached skill level 15 in Axes
   703 | D        | Reached skill level 15 in Armour
   703 | D        | Killed a death ooze
   713 | D        | Got the ring of a Billion Beggars {rF+ MP+9}
   721 | D        | Entered arena 13.
   721 | D        | Noticed a naga warrior
   724 | D        | Noticed a naga warrior
   728 | D        | Found a transporter.
   730 | D        | Reached skill level 17 in Dodging
   732 | D        | Killed a naga warrior
   733 | D        | Killed a naga warrior
   740 | D        | Got the ring "Boiras" {rC++ MR- MP+9 Int+5 SInv}
   833 | D        | Entered arena 14.
   836 | D        | Noticed a merfolk javelineer
   837 | D        | Noticed a merfolk aquamancer
   837 | D        | Noticed a merfolk aquamancer
   837 | D        | Noticed a merfolk impaler
   838 | D        | Noticed a sea snake
   838 | D        | Noticed a sea snake
   838 | D        | Found a transporter.
   842 | D        | Killed a merfolk aquamancer
   844 | D        | Killed a sea snake
   848 | D        | Killed a sea snake
   848 | D        | Reached XP level 12. HP: 118/123 MP: 11/11
   849 | D        | Killed a merfolk aquamancer
   850 | D        | Killed a merfolk impaler
   858 | D        | Killed a merfolk javelineer
   869 | D        | Got the amulet "Ufegg" {Gourm rC+ Dex+4}
   879 | D        | Gained mutation: You are missing an eye, making it more difficult to aim. [Ru sacrifice]
   879 | D        | Reached *** piety under Ru
   973 | D        | Entered arena 15.
   975 | D        | Noticed a shadow dragon
   977 | D        | Found a transporter.
   990 | D        | Reached skill level 18 in Dodging
   997 | D        | Killed a shadow dragon
  1277 | D        | Entered arena 16.
  1278 | D        | Noticed a black draconian
  1278 | D        | Noticed an Orb Guardian
  1278 | D        | Noticed an Orb Guardian
  1278 | D        | Noticed an Orb Guardian
  1278 | D        | Noticed a yellow draconian
  1278 | D        | Noticed a yellow draconian
  1279 | D        | Noticed a purple draconian
  1279 | D        | Noticed an Orb Guardian
  1279 | D        | Noticed a storm dragon
  1279 | D        | Noticed a green draconian
  1279 | D        | Noticed a red draconian
  1279 | D        | Noticed a green draconian
  1280 | D        | Found a transporter.
  1282 | D        | HP: 5/125 [Orb Guardian (36)]
  1282 | D        | Annihilated by an Orb Guardian

Skill      XL: |  1  2  3  4  5  6  7  8  9 10 11 12 |
---------------+-------------------------------------+-----
Armour         | 5 7 8 8 9 12 14 16 17 | 17.0
Fighting       | 5 8 9 10 12 13 14 16 17 | 17.1
Axes           | 6 8 9 9 10 12 13 14 16 17 | 17.2
Dodging        | 5 8 8 9 13 14 16 17 18 | 18.1
Throwing       | 1 |  1.7

Action                   |  1- 3 |  4- 6 |  7- 9 | 10-12 || total
-------------------------+-------+-------+-------+-------++-------
Melee: Broad axe         |     3 |    15 |    17 |    60 ||    95
       Headbutt          |     2 |     3 |     1 |    15 ||    21
Invok: Sacrifice Skill   |       |     1 |       |       ||     1
       Sacrifice Purity  |       |       |     1 |       ||     1
       Sacrifice an Eye  |       |       |       |     1 ||     1
  Use: Potion            |     1 |     1 |       |     9 ||    11
 Stab: Invisible         |       |       |     1 |     7 ||     8
       Distracted        |       |       |       |     2 ||     2
  Eat: Meat ration       |       |       |       |     1 ||     1
Armor: Plate armour      |     4 |    10 |    20 |    63 ||    97
Dodge: Dodged            |     4 |    11 |    18 |    86 ||   119
